 Dungeon Crawl Stone Soup version 0.28-a0-529-g3bad584f25 (webtiles) character file.

Game seed: 6167912941289407845

400699 Spaninq the Bludgeoner (level 24, 0/197 HPs)
             Began as a Human Warper on Sept 23, 2021.
             Was the Champion of the Shining One.
             Slain by an ettin (11 damage)
             ... while petrified by an ancient lich
             ... on level 5 of the Vaults on Sept 24, 2021.
             The game lasted 03:28:33 (64456 turns).

Spaninq the Bludgeoner (Human Warper)              Turns: 64456, Time: 03:28:33

Health: 0/197      AC: 41    Str: 21      XL:     24   Next: 41%
Magic:  36/36      EV:  2    Int: 14 (16) God:    the Shining One [******]
Gold:   1790       SH:  0    Dex: 21      Spells: 24/27 levels left

rFire   + + .      SeeInvis .   n - +9 eveningstar (elec)
rCold   . . .      Faith    .   N - +4 kite shield of Geusitek {MP+9}
rNeg    + + +      Spirit   .   q - +2 crystal plate armour
rPois   ∞          Reflect  .   t - +2 helmet "Goang" {rF+ rCorr MP-9 Dex+4}
rElec   +          Harm     .   l - +2 cloak
rCorr   +          Rampage  .   h - +1 pair of gloves
Will    +....                   U - +2 pair of boots
Stlth   ..........              b - amulet "Netugul" {rElec rF+ Regen+ Dex+4}
HPRegen 1.42/turn               u - ring "Ustrept" {rPois Slay+2}
MPRegen 0.25/turn               o - +4 ring of evasion

@: petrified, glowing
A: no striking features
}: 2/15 runes: decaying, gossamer
a: Renounce Religion, Divine Shield, Cleansing Flame, Summon Divine Warrior


You were on level 5 of the Vaults.
You worshipped the Shining One.
The Shining One was exalted by your worship.
You visited 8 branches of the dungeon, and saw 42 of its levels.
You visited 1 bazaar.
You also visited: Ice Cave.

You collected 4737 gold pieces.
You spent 2947 gold pieces at shops.

Inventory:

Hand Weapons
 n - a +9 eveningstar of electrocution (weapon)
 y - the +12 morningstar of Virtue {flame, Fly Int+4 Stlth+}
   (You acquired it on level 8 of the Dungeon)

   It burns those it strikes, dealing additional fire damage.
   Int:       It affects your intelligence (+4).
   Fly:       It grants you flight.
   Stlth:     It makes you more stealthy.
 z - the +8 trident of the Octopus King {venom, rElec rPois Will+}
   (You found it on level 8 of the Dungeon)

   It poisons the flesh of those it strikes.
   rElec:     It insulates you from electricity.
   rPois:     It protects you from poison.
   Will:      It increases your willpower.
 A - a +2 sacred scourge of holy wrath
Missiles
 a - 35 boomerangs (quivered)
 d - 6 boomerangs of dispersal
 O - 6 silver boomerangs
Armour
 h - a +1 pair of gloves (worn)
 l - a +2 cloak (worn)
 q - a +2 crystal plate armour (worn)
 t - the +2 helmet "Goang" (worn) {rF+ rCorr MP-9 Dex+4}
   (You found it on level 2 of the Depths)

   Dex:       It affects your dexterity (+4).
   rF:        It protects you from fire.
   MP:        It affects your magic capacity (-9).
   rCorr:     It protects you from acid and corrosion.
 N - the +4 kite shield of Geusitek (worn) {MP+9}
   (You took it off Donald on level 1 of the Vaults)

   MP:        It affects your magic capacity (+9).
 P - a +2 plate armour of fire resistance
 U - a +2 pair of boots (worn)
Jewellery
 b - the amulet "Netugul" (around neck) {rElec rF+ Regen+ Dex+4}
   (You bought it in a shop on level 6 of the Dungeon)

   [amulet of regeneration]

   Dex:       It affects your dexterity (+4).
   rF:        It protects you from fire.
   rElec:     It insulates you from electricity.
   Regen:     It increases your rate of health regeneration.
 j - a ring of resist corrosion
 o - a +4 ring of evasion (right hand)
 u - the ring "Ustrept" (left hand) {rPois Slay+2}
   (You found it on level 2 of the Depths)

   [ring of poison resistance]

   Slay:      It affects your accuracy & damage with ranged weapons and melee
   (+2).
   rPois:     It protects you from poison.
 J - a ring of ice
 S - a ring of protection from cold
 X - a ring of magical power
 Y - a ring of willpower
Wands
 p - a wand of flame (178)
 s - a wand of polymorph (15)
 B - a wand of mindburst (32)
 C - a wand of paralysis (18)
 E - a wand of acid (13)
 G - a wand of iceblast (35)
 Q - a wand of digging (7)
Scrolls
 c - 6 scrolls of blinking
 f - 4 scrolls of fog
 i - 14 scrolls of teleportation
 x - 6 scrolls of amnesia
 F - 6 scrolls of enchant armour
 H - 2 scrolls of brand weapon
 K - 3 scrolls of fear
 L - 10 scrolls of magic mapping
 M - 4 scrolls of holy word
 T - 3 scrolls of silence
 W - 2 scrolls of summoning
Potions
 e - 3 potions of magic
 g - 9 potions of ambrosia
 k - 5 potions of mutation
 m - 22 potions of curing
 r - 4 potions of haste
 w - 5 potions of heal wounds
 D - 11 potions of brilliance
 I - 4 potions of might
 V - 2 potions of cancellation
Miscellaneous
 v - a lightning rod (4/4)
 R - a phial of floods


   Skills:
 + Level 17.7 Fighting
 + Level 19.6 Maces & Flails
 - Level 9.0 Polearms
 - Level 1.0 Throwing
 + Level 17.5 Armour
 - Level 2.0 Dodging
 + Level 18.4 Shields
 + Level 2.2 Spellcasting
 + Level 3.1 Translocations
 + Level 18.4 Invocations


You had 24 spell levels left.
You knew the following spells:

 Your Spells              Type           Power      Damage    Failure   Level
a - Blink                 Tloc           N/A        N/A       97%         2
b - Apportation           Tloc           20%        N/A       91%         1

Your spell library contained the following spells:

 Spells                   Type           Power      Damage    Failure   Level
 Gell's Gravitas          Tloc           5%         N/A       99%         3
 Lesser Beckoning         Tloc           10%        N/A       99%         3
 Teleport Other           Tloc           10%        N/A       99%         3
 Animate Skeleton         Necr           2%         N/A       100%        1
 Freeze                   Ice            4%         1d3       100%        1
 Magic Dart               Conj           4%         1d3       100%        1
 Pain                     Necr           4%         1d4       100%        1
 Shock                    Conj/Air       4%         1d3       100%        1
 Summon Small Mammal      Summ           4%         N/A       100%        1
 Call Imp                 Summ           1%         N/A       100%        2
 Corpse Rot               Necr/Air       N/A        N/A       100%        2
 Ensorcelled Hibernation  Hex/Ice        2%         N/A       100%        2
 Poisonous Vapours        Pois/Air       2%         N/A       100%        2
 Searing Ray              Conj           2%         2d4       100%        2
 Slow                     Hex            1%         N/A       100%        2
 Call Canine Familiar     Summ           1%         N/A       100%        3
 Confusing Touch          Hex            1%         N/A       100%        3
 Inner Flame              Hex/Fire       1%         N/A       100%        3
 Mephitic Cloud           Conj/Pois/Air  1%         N/A       100%        3
 Stone Arrow              Conj/Erth      2%         3d7       100%        3
 Summon Guardian Golem    Hex/Summ       1%         N/A       100%        3
 Swiftness                Air            1%         N/A       100%        3
 Tukima's Dance           Hex            1%         N/A       100%        3
 Vampiric Draining        Necr           0%         2d6       100%        3
 Airstrike                Air            0%         N/A       100%        4
 Animate Armour           Summ/Erth      2%         N/A       100%        4
 Animate Dead             Necr           0%         N/A       100%        4
 Cause Fear               Hex            0%         N/A       100%        4
 Fulminant Prism          Conj/Hex       0%         3d6       100%        4
 Hailstorm                Conj/Ice       1%         3d3       100%        4
 Ice Form                 Ice/Tmut       1%         N/A       100%        4
 Leda's Liquefaction      Hex/Erth       0%         N/A       100%        4
 Passage of Golubria      Tloc           N/A        N/A       100%        4
 Petrify                  Tmut/Erth      1%         N/A       100%        4
 Agony                    Necr           1%         N/A       100%        5
 Alistair's Intoxication  Tmut/Pois      0%         N/A       100%        5
 Borgnjor's Vile Clutch   Necr/Erth      0%         N/A       100%        5
 Excruciating Wounds      Necr           0%         N/A       100%        5
 Fireball                 Conj/Fire      0%         3d3       100%        5
 Freezing Cloud           Conj/Ice/Air   0%         6-21      100%        5
 Iskenderun's Battlesphe  Conj           1%         2d6       100%        5
 Lee's Rapid Deconstruct  Erth           0%         3d5*      100%        5
 Manifold Assault         Tloc           10%        N/A       100%        5
 Metabolic Englaciation   Hex/Ice        0%         N/A       100%        5
 Summon Forest            Summ/Tloc      2%         N/A       100%        5
 Summon Mana Viper        Hex/Summ       1%         N/A       100%        5
 Yara's Violent Unravell  Hex/Tmut       0%         3d3       100%        5
 Conjure Ball Lightning   Conj/Air       0%         3x3d6     100%        6
 Dispersal                Tloc           5%         N/A       100%        6
 Eringya's Noxious Bog    Tmut/Pois      0%         N/A       100%        6
 Invisibility             Hex            0%         N/A       100%        6
 Simulacrum               Ice/Necr       0%         N/A       100%        6
 Starburst                Conj/Fire      0%         6d3       100%        6
 Statue Form              Tmut/Erth      0%         N/A       100%        6
 Summon Cactus Giant      Summ           0%         N/A       100%        6
 Haunt                    Necr/Summ      0%         N/A       100%        7
 Malign Gateway           Summ/Tloc      2%         N/A       100%        7
 Orb of Destruction       Conj           0%         N/A       100%        7
 Ozocubu's Refrigeration  Ice            0%         4d5       100%        7
 Discord                  Hex            0%         N/A       100%        8
 Disjunction              Tloc           5%         N/A       100%        8
 Ignition                 Fire           0%         3d3       100%        8
 Infestation              Necr           0%         N/A       100%        8
 Summon Horrible Things   Summ           0%         N/A       100%        8


Dungeon Overview and Level Annotations

Branches:
Dungeon (15/15)            Temple (0/1) D:7            Lair (6/6) D:9
  Swamp (4/4) Lair:4       Spider (4/4) Lair:3        Slime (0/5) Lair:5
    Orc (2/2) D:11            Elf (0/3) Orc:2        Vaults (5/5) D:14
  Crypt (3/3) Vaults:2       Tomb (0/3) Crypt:3      Depths (3/4) D:15
  IceCv (visited)

Altars:
Ashenzari
Cheibriados
Dithmenos
Elyvilon
Gozag
Kikubaaqudgha
Nemelex Xobeh
Okawaru
Qazlal
Ru
Uskayaw
Vehumet
Wu Jian
Yredelemnul
Zin
The Shining One
Beogh

Shops:
D:4 [   D:6 ?=((   D:14 (   Orc:2 [:[(   Vaults:1 =   Depths:2 !   Depths:3 (

Portals:
Hell: Depths:1 Depths:2 Depths:3
Abyss: Depths:2 Depths:3
Pandemonium: Depths:2

Annotations:
Lair:6 exclusions: obsidian statue and 2 oklob plants
Vaults:5 Mennas
Depths:3 3 runed translucent doors, Caupobu's ghost, adept DDFi


Message History

The yaktaur captain hits you but does no damage. x2
A tengu reaver comes into view.
It is wielding a +1 war axe of draining and wearing a +2 buckler of protection.
The ettin hits you with a +0 dire flail! x2
The yaktaur captain hits you but does no damage.
A vault warden comes into view. It is wielding a +0 war axe.
The ettin hits you with a +0 dire flail!!
* * * LOW HITPOINT WARNING * * *
The ettin hits you but does no damage.
The yaktaur captain hits you but does no damage.
The stone giant hits you but does no damage.
The ettin hits you but does no damage.
The ettin hits you with a +0 dire flail!
* * * LOW HITPOINT WARNING * * *
The yaktaur captain hits you but does no damage.
The stone giant hits you!!
* * * LOW HITPOINT WARNING * * *
The ettin hits you but does no damage.
The ettin hits you with a +0 dire flail!
* * * LOW HITPOINT WARNING * * *
The yaktaur captain hits you but does no damage.
The stone giant hits you!
* * * LOW HITPOINT WARNING * * *
The yaktaur captain hits you!
* * * LOW HITPOINT WARNING * * *
The ettin hits you with a +0 dire flail.
The ettin barely misses you.
The vault warden hits you but does no damage.
The stone giant hits you but does no damage.
The vault warden hits you but does no damage.
The ettin hits you with a +0 dire flail!
* * * LOW HITPOINT WARNING * * *
The ettin hits you with a +0 dire flail!
* * * LOW HITPOINT WARNING * * *
The yaktaur captain hits you but does no damage.
The stone giant hits you.
* * * LOW HITPOINT WARNING * * *
The ettin hits you with a +0 dire flail!
* * * LOW HITPOINT WARNING * * *
The ettin hits you with a +0 dire flail!!
You die...

# .#
#####..#
#$$....#
#.p....#
#@C#
#cC#
.Q.#
....#
###..#
#..#
#[?#
####


You could see a stone giant, a vault warden, a tengu reaver, a yaktaur captain
and an ettin.

Vanquished Creatures
  Frederick (Depths:3)
  Boris (twice) (Crypt:1 Vaults:3)
  Jorgrun (Spider:2)
  A tentacled monstrosity (Swamp:3)
  A lich (Crypt:3)
  4 ancient champions
  A storm dragon (Depths:3)
  Donald (Vaults:1)
  3 sphinxes
  A thorn hunter (Swamp:4)
  2 tengu reavers
  3 revenants
  2 fire giants
  8 vault wardens
  A daeva (Depths:2)
  A balrug (Depths:2)
  4 ghost moths
  An angel (Depths:2)
  An orc warlord (Orc:2)
  4 frost giants
  A curse skull (Crypt:2)
  2 ghouls
  5 stone giants
  5 emperor scorpions
  5 ironbound preservers
  11 very ugly things
  A vampire knight (Depths:1)
  5 entropy weavers
  3 spark wasps (Depths:3)
  2 bunyips
  11 dire elephants
  2 eleionomae (Swamp:1)
  Snorg (D:14)
  2 blizzard demons (Depths:2)
  2 eidola
  2 fire dragons (Depths:1)
  5 jiangshi
  A mummy priest (Crypt:3)
  8 ettins
  3 deep elf death magi
  3 great orbs of eyes
  5 yaktaur captains
  Josephine (D:11)
  7 ice dragons
  A fenstrider witch zombie (Crypt:2)
  A deep elf high priest (Vaults:1)
  7 vault guards
  16 hydras
  2 shambling mangroves
  5 rakshasas
  A peacekeeper (Vaults:3)
  3 ironbound thunderhulks
  2 ghost crabs
  18 centaur warriors
  5 boulder beetles
  6 ironbound frosthearts
  2 spriggan air magi
  4 death knights
  5 deep troll shamans
  8 two-headed ogres
  9 alligators
  An anaconda (shapeshifter) (Depths:1)
  9 tengu warriors
  2 deep troll earth magi
  4 orc high priests (Orc:2)
  5 death yaks (Lair:3)
  2 vampire magi (Crypt:2)
  2 dancing weapons
  Sonja (D:11)
  4 spriggan berserkers
  A soul eater (Depths:2)
  A sun demon (Depths:2)
  3 iron trolls
  5 goliath frogs
  A sixfirhy (Depths:2)
  19 skeletal warriors
  An infernal demonspawn (Depths:2)
  A spark wasp zombie (Crypt:1)
  A shadow wraith (Crypt:3)
  5 bog bodies
  4 spriggan druids
  A torturous demonspawn (Depths:2)
  A spectral anaconda (Lair:6)
  29 deep trolls
  3 cherubim
  15 swamp dragons
  4 wizards
  4 flayed ghosts
  An orange crystal statue (Vaults:3)
  3 glowing orange brains
  7 ironbound convokers
  A wolf spider zombie (D:15)
  4 phantasmal warriors
  9 harpies (Vaults:1)
  9 lindwurms
  2 deep elf pyromancers
  A golden dragon skeleton (Crypt:1)
  6 necromancers
  26 ugly things
  11 orb spiders
  20 wolf spiders
  5 orc knights
  6 orc sorcerers (Orc:2)
  8 will-o-the-wisps
  4 cyclopes
  2 manticores
  A salamander (shapeshifter) (Depths:2)
  3 moths of wrath
  7 elephants (Lair:6)
  Maurice (D:9)
  3 ice statues (IceCv)
  2 naga magi (D:15)
  A black mamba (Lair:2)
  A dire elephant zombie (Lair:6)
  8 vault sentinels
  A gargoyle (D:13)
  2 centaur skeletons (D:15)
  2 molten gargoyles (Lair:3)
  A black mamba (shapeshifter) (Vaults:2)
  A smoke demon (Depths:2)
  An elf zombie (Vaults:3)
  A titan simulacrum (Crypt:3)
  14 cane toads
  A torpor snail (Spider:4)
  3 freezing wraiths
  3 rime drakes
  A spriggan skeleton (Crypt:3)
  2 kobold demonologists (D:12)
  An efreet (D:14)
  38 yaktaurs
  A hellwing (Depths:2)
  10 komodo dragons
  3 tengu conjurers
  11 demonic crawlers
  2 guardian mummies (Crypt:3)
  A black draconian skeleton (Crypt:1)
  8 trolls
  2 bloated husks (Swamp:1)
  34 jumping spiders
  10 tyrant leeches
  16 hornets
  Prince Ribbit (D:6)
  13 slime creatures
  A spectral elephant (Lair:6)
  13 blink frogs
  3 meliai zombies
  7 water elementals
  26 flying skulls
  12 spriggans
  33 tarantellas
  10 wraiths
  5 shadows
  78 redbacks
  A hog (shapeshifter) (D:14)
  6 wyverns
  14 yaks
  3 basilisks
  Eustachio (D:4)
  A dire elephant simulacrum (IceCv)
  A chaos spawn (Depths:2)
  2 steam dragons
  3 death yak simulacra
  5 vampire mosquitoes (Lair:3)
  A warg (shapeshifter) (D:14)
  A harpy simulacrum (IceCv)
  A spectral cane toad (Lair:6)
  Edmund (D:4)
  11 wargs
  15 swamp worms
  An acid dragon (D:10)
  20 water moccasins
  2 floating eyes (Depths:1)
  41 orc warriors
  A small abomination (Crypt:3)
  5 swamp drakes
  A sky beast (D:7)
  2 ice beasts
  A human zombie (Vaults:3)
  A hornet zombie (D:8)
  4 necrophages
  11 wolves
  4 black bears
  An elf simulacrum (Vaults:3)
  13 centaurs
  16 ogres
  3 boggarts
  A human skeleton (Vaults:3)
  Blork the orc (D:6)
  4 kobold brigands
  2 scorpions
  10 bullfrogs
  A human simulacrum (Vaults:3)
  4 cane toad simulacra (Lair:6)
  A komodo dragon skeleton (Crypt:2)
  4 gnoll sergeants
  2 water moccasin skeletons (D:6)
  7 elephant simulacra
  3 vampire bats (D:5)
  6 electric eels
  A bullfrog zombie (D:6)
  4 centaur zombies
  5 lava snakes (Lair:3)
  33 orc priests
  A bullfrog skeleton (D:6)
  2 hounds (D:5)
  3 jellies
  3 iguanas
  26 orc wizards
  3 hell rats (Lair:5)
  2 wolf simulacra (IceCv)
  A deep dwarf zombie (Crypt:2)
  2 hound zombies (D:5)
  A hound skeleton (D:5)
  Robin (D:4)
  14 gnolls
  8 adders
  7 river rats (Lair:5)
  A swamp drake skeleton (Crypt:2)
  3 ufetubi
  A halfling zombie (Crypt:1)
  An adder skeleton (D:4)
  A worm (D:14)
  A dart slug (D:2)
  140 orcs
  4 ball pythons
  13 bats
  10 endoplasms
  2 giant cockroaches
  10 hobgoblins
  4 quokkas
  A river rat zombie (Crypt:2)
  3 frilled lizards
  A frilled lizard skeleton (Crypt:1)
  25 goblins
  A hobgoblin zombie (Crypt:1)
  10 kobolds
  A quokka skeleton (D:4)
  16 rats
1490 creatures vanquished.

Vanquished Creatures (collateral kills)
  Khufu (Crypt:3)
  A bone dragon (Crypt:3)
  Jory (Crypt:1)
  A profane servitor (Crypt:3)
  Arachne (Spider:2)
  A tengu reaver (Depths:2)
  A revenant (Crypt:2)
  3 emperor scorpions (Spider:4)
  A ghost moth (Spider:4)
  4 curse skulls
  8 ghouls
  An entropy weaver (Spider:2)
  A bunyip (Swamp:1)
  A mummy priest (Crypt:3)
  3 eidola
  An ettin (Depths:1)
  7 jiangshi
  An ice dragon (Depths:1)
  3 death knights
  2 alligators
  2 vampire magi (Crypt:2)
  A hell knight (Crypt:3)
  2 shadow wraiths (Crypt:3)
  22 skeletal warriors
  An iron troll (Depths:1)
  A flayed ghost (Crypt:2)
  A deep troll (Depths:1)
  A swamp dragon (Swamp:3)
  An anaconda zombie (Crypt:3)
  A phantasmal warrior (Crypt:2)
  A bog body (Crypt:2)
  6 wolf spiders
  7 orb spiders
  2 torpor snails (Spider:4)
  A purple draconian zombie (Crypt:2)
  A tengu conjurer (Depths:2)
  2 freezing wraiths (Crypt:3)
  5 guardian mummies (Crypt:3)
  A demonic crawler (Spider:4)
  A grey draconian skeleton (Crypt:1)
  7 jumping spiders
  A hornet (Spider:2)
  A death drake skeleton (Crypt:2)
  An ettin zombie (Crypt:2)
  41 flying skulls
  5 tarantellas
  2 shadows (Crypt:3)
  19 redbacks
  3 small abominations (Crypt:3)
  3 necrophages
  A halfling zombie (Crypt:1)
  An iguana zombie (Crypt:1)
188 creatures vanquished.

Vanquished Creatures (others)
  A fire giant (Depths:1)
  A vampire knight (Crypt:2)
  An orc wizard (D:11)
  3 orcs
  A bush (Lair:3)
  47 foxfires
  14 fungi
  24 plants
  18 withered plants (Lair:6)
110 creatures vanquished.

Grand Total: 1788 creatures vanquished

Notes
Turn   | Place    | Note
-------+----------+-------------------------------------------
     0 | D:1      | Spaninq the Human Warper began the quest for the Orb.
     0 | D:1      | Reached XP level 1. HP: 16/16 MP: 3/3
   476 | D:1      | Reached XP level 2. HP: 20/22 MP: 5/5
  1115 | D:1      | Got Zusauwul's Grimoire of Ice
  1586 | D:1      | Reached XP level 3. HP: 27/28 MP: 6/6
  2246 | D:2      | Reached XP level 4. HP: 34/34 MP: 7/7
  2283 | D:2      | Found a glowing silver altar of Zin.
  2555 | D:2      | Found a faded altar of an unknown god.
  2563 | D:2      | Became a worshipper of Vehumet
  2563 | D:2      | Reached * piety under Vehumet
  2563 | D:2      | Offered knowledge of Shock by Vehumet.
  2564 | D:2      | Fell from the grace of Vehumet
  3169 | D:3      | Reached XP level 5. HP: 41/41 MP: 8/8
  3443 | D:3      | Found a glowing golden altar of the Shining One.
  3448 | D:3      | Found a basalt altar of Yredelemnul.
  3450 | D:3      | Noticed a profane servitor
  3456 | D:3      | Noticed an angel
  3461 | D:3      | Became a worshipper of the Shining One
  3571 | D:3      | Noticed an ogre
  3811 | D:3      | Learned a level 2 spell: Blink
  4668 | D:4      | Found Etoug's Antique Armour Shoppe.
  4875 | D:4      | Reached XP level 6. HP: 20/47 MP: 9/9
  4898 | D:4      | Noticed Robin
  5212 | D:4      | Noticed a black bear
  5222 | D:4      | Killed a black bear
  5231 | D:4      | Reached XP level 7. HP: 32/53 MP: 10/10
  5334 | D:4      | Reached skill level 5 in Polearms
  5397 | D:4      | Reached * piety under the Shining One
  5835 | D:4      | You fall into a shaft and drop 3 floors!
  5848 | D:7      | Reached skill level 1 in Shields
  5930 | D:7      | Found a radiant altar of Vehumet.
  5956 | D:7      | Found a staircase to the Ecumenical Temple.
  6219 | D:5      | Entered Level 5 of the Dungeon
  6316 | D:4      | Noticed Edmund
  6393 | D:2      | Found a glowing silver altar of Zin.
  7092 | D:4      | Killed Robin
  7463 | D:5      | Reached XP level 8. HP: 61/61 MP: 11/11
  7506 | D:5      | Noticed Eustachio
  7852 | D:5      | Found a broken altar of Ashenzari.
  8478 | D:5      | Reached skill level 5 in Fighting
  8661 | D:5      | Reached skill level 1 in Invocations
  8661 | D:5      | Reached XP level 9. HP: 37/68 MP: 12/12
  8911 | D:5      | Was forgiven by Vehumet
  9319 | D:4      | Killed Eustachio
  9320 | D:4      | Reached skill level 5 in Armour
  9657 | D:5      | Reached ** piety under the Shining One
  9794 | D:5      | Found an opulent altar of Gozag.
  9796 | D:5      | Found an ornate altar of the Wu Jian Council.
 10069 | D:6      | Noticed Blork the orc
 10078 | D:6      | Killed Blork the orc
 10599 | D:6      | Noticed Prince Ribbit
 10619 | D:6      | Killed Prince Ribbit
 10720 | D:6      | Reached XP level 10. HP: 74/76 MP: 13/13
 10776 | D:6      | Found Icye's Jewellery Shoppe.
 10881 | D:6      | Found an iron altar of Okawaru.
 10944 | D:6      | Found Wiomaph's Weapon Boutique.
 11155 | D:6      | Found Okloith's Antique Weapon Shop.
 11297 | D:6      | Found a sparkling altar of Nemelex Xobeh.
 11329 | D:6      | Found a snail-covered altar of Cheibriados.
 11458 | D:6      | Found Ciehuc's Magic Scroll Shoppe.
 11522 | D:7      | Reached skill level 5 in Shields
 11865 | D:8      | Noticed a +0 falchion
 11865 | D:8      | Noticed a +0 dagger
 11865 | D:8      | Noticed a +0 short sword
 11866 | D:8      | Noticed a +0 short sword
 11866 | D:8      | Noticed a +0 falchion
 11866 | D:8      | Noticed a +0 spear
 11866 | D:8      | Noticed a +0 dagger
 11867 | D:8      | Noticed a +0 spear
 12052 | D:8      | Identified a scroll of acquirement
 12052 | D:8      | Acquired the +12 morningstar of Virtue {flame, Fly Int+4
                  | Stlth+}
 12055 | D:8      | Found the +8 trident of the Octopus King {venom, rElec
                  | rPois Will+}
 12081 | D:8      | Found a hide-covered altar of Uskayaw.
 12500 | D:8      | Reached skill level 1 in Maces & Flails
 12867 | D:9      | Found a staircase to the Lair.
 12868 | D:9      | Reached *** piety under the Shining One
 12879 | D:9      | Reached skill level 2 in Maces & Flails
 13008 | D:9      | Noticed Maurice
 13019 | D:9      | Killed Maurice
 13020 | D:9      | Reached skill level 3 in Maces & Flails
 13020 | D:9      | Reached skill level 5 in Invocations
 13247 | D:9      | Reached XP level 11. HP: 76/84 MP: 14/14
 13415 | Lair:1   | Entered Level 1 of the Lair of Beasts
 13525 | Lair:1   | Reached skill level 4 in Maces & Flails
 13864 | Lair:1   | Reached skill level 5 in Maces & Flails
 14657 | Lair:2   | Noticed a six-headed hydra
 14671 | Lair:2   | Killed a six-headed hydra
 14756 | Lair:2   | Reached skill level 6 in Maces & Flails
 15300 | Lair:2   | Noticed a lindwurm
 15313 | Lair:2   | Killed a lindwurm
 15314 | Lair:2   | Reached XP level 12. HP: 63/93 MP: 17/17
 16098 | Lair:3   | Reached skill level 7 in Maces & Flails
 16264 | Lair:3   | Identified the +2 robe of Intercession {Dex+4}
 17013 | Lair:3   | Found a hole to the Spider Nest.
 17587 | Lair:3   | Noticed a death yak
 17588 | Lair:3   | Noticed a death yak
 17588 | Lair:3   | Noticed a death yak
 17589 | Lair:3   | Noticed a death yak
 17589 | Lair:3   | Noticed a death yak
 17614 | Lair:3   | Killed a death yak
 17642 | Lair:3   | Killed a death yak
 17643 | Lair:3   | Reached skill level 8 in Maces & Flails
 18081 | Lair:3   | Killed a death yak
 18162 | Lair:3   | Killed a death yak
 18169 | Lair:3   | Killed a death yak
 18691 | Lair:4   | Found a staircase to the Swamp.
 18735 | Lair:3   | Reached XP level 13. HP: 99/101 MP: 19/19
 18735 | Lair:3   | Reached **** piety under the Shining One
 19415 | Lair:4   | Reached skill level 9 in Maces & Flails
 20412 | Lair:5   | Found a staircase to the Slime Pits.
 21010 | D:10     | Entered Level 10 of the Dungeon
 21027 | D:10     | Found a sacrificial altar of Ru.
 21128 | D:10     | Found a stormy altar of Qazlal.
 21128 | D:10     | Found a shadowy altar of Dithmenos.
 22407 | D:11     | Noticed Sonja
 22423 | D:11     | Killed Sonja
 22424 | D:11     | Reached skill level 10 in Maces & Flails
 23333 | D:11     | Reached ***** piety under the Shining One
 23338 | D:11     | Noticed Josephine
 23342 | D:11     | Reached skill level 10 in Fighting
 23353 | D:11     | Killed Josephine
 23480 | D:11     | Found a staircase to the Orcish Mines.
 23538 | Orc:1    | Entered Level 1 of the Orcish Mines
 24275 | D:11     | Reached XP level 14. HP: 99/110 MP: 17/21
 24603 | Orc:2    | Entered Level 2 of the Orcish Mines
 24988 | Orc:2    | Paralysed by an orc sorcerer for 4 turns
 25217 | Orc:2    | Reached skill level 11 in Maces & Flails
 25375 | Orc:2    | Reached skill level 10 in Armour
 25461 | Orc:2    | Found a staircase to the Elven Halls.
 25829 | Orc:2    | Noticed an orc warlord
 25846 | Orc:2    | Killed an orc warlord
 25969 | Orc:2    | Reached skill level 10 in Invocations
 26084 | Orc:2    | Found Lygremeupi's Antique Weapon Shoppe.
 26169 | Orc:2    | Found Ahabot's Antique Armour Emporium.
 26179 | Orc:2    | Bought a shiny crystal plate armour for 1411 gold pieces
 26592 | Orc:2    | Reached ****** piety under the Shining One
 26904 | Orc:2    | Reached skill level 10 in Shields
 27176 | Orc:2    | Found Exiwarya's Antique Armour Emporium.
 27262 | Orc:2    | Found Vacvui's Book Shoppe.
 27569 | Orc:2    | Reached skill level 12 in Maces & Flails
 28670 | D:13     | Reached XP level 15. HP: 116/118 MP: 22/22
 28930 | D:14     | Found a snail-covered altar of Cheibriados.
 29943 | D:14     | Noticed Snorg
 29957 | D:14     | Killed Snorg
 30237 | D:14     | Found Xemyl Rixurph's Antique Weapon Emporium.
 30598 | D:14     | Found a gate to the Vaults.
 30606 | D:14     | Reached skill level 13 in Maces & Flails
 30940 | Lair:6   | Entered Level 6 of the Lair of Beasts
 30942 | Lair:6   | Found a frozen archway.
 31167 | IceCv    | Entered an ice cave
 31676 | IceCv    | Got Wysach's Handbook of the Frostbite
 32713 | Lair:6   | Learned a level 1 spell: Apportation
 33032 | Lair:6   | Got the Catalogue of Floating Companions
 33096 | Lair:6   | Reached XP level 16. HP: 117/127 MP: 24/24
 33500 | D:4      | Bought a shiny kite shield for 232 gold pieces
 33504 | D:4      | Killed Edmund
 33719 | Spider:1 | Entered Level 1 of the Spider Nest
 33807 | Spider:1 | Paralysed by a hornet for 2 turns
 34477 | Spider:1 | Reached skill level 14 in Maces & Flails
 36152 | Spider:2 | Noticed Jorgrun
 36180 | Spider:2 | Killed Jorgrun
 36902 | Spider:2 | Noticed Arachne
 36917 | Spider:2 | Killed Arachne
 37750 | Spider:2 | Reached XP level 17. HP: 135/135 MP: 23/26
 38502 | Spider:2 | Reached skill level 15 in Maces & Flails
 38642 | Spider:3 | Identified the +1 flail "Rezix" {vorpal, rN+++ Str+5 Dex-3}
 39193 | Spider:4 | Entered Level 4 of the Spider Nest
 40251 | Spider:4 | Identified the +7 war axe of Xom {spect, rPois rC- MP+9
                  | Stlth+}
 40786 | Spider:4 | Reached XP level 18. HP: 125/143 MP: 0/27
 40795 | Spider:4 | Got a gossamer rune of Zot
 41054 | Swamp:1  | Entered Level 1 of the Swamp
 41156 | Swamp:1  | Reached skill level 16 in Maces & Flails
 43551 | Swamp:3  | Found a white marble altar of Elyvilon.
 43680 | Swamp:3  | Identified the +2 leather armour of Limited Liability
                  | {Will+++ Int-5 Dex+10 Slay-6}
 44114 | Swamp:4  | Entered Level 4 of the Swamp
 44389 | Swamp:3  | Paralysed by a hornet for 3 turns
 45092 | Swamp:4  | Reached skill level 15 in Shields
 45316 | Swamp:4  | Got a decaying rune of Zot
 45358 | Swamp:4  | Identified the +8 chain mail of Dithmenos's Supremacy {Fly
                  | rF- rN+ Dex+4}
 45382 | Swamp:3  | Reached XP level 19. HP: 130/151 MP: 29/29
 46589 | D:15     | Entered Level 15 of the Dungeon
 47020 | D:15     | Found a staircase to the Depths.
 47986 | Depths:1 | Entered Level 1 of the Depths
 48069 | Depths:1 | Paralysed by a vampire knight for 7 turns
 48171 | Depths:1 | Reached XP level 20. HP: 90/160 MP: 22/31
 48183 | Depths:1 | Found a gateway to Hell.
 48199 | Depths:1 | Found a flickering gateway to a bazaar.
 48243 | Bazaar   | Entered a bazaar
 48243 | Bazaar   | Found Kass's Assorted Antiques.
 48243 | Bazaar   | Found Ynaagut's Book Boutique.
 48562 | Bazaar   | Found Gyniugh's Book Shop.
 48612 | Bazaar   | Found Hotujuhy's Jewellery Boutique.
 48651 | Bazaar   | Bought a potion of curing for 84 gold pieces
 48651 | Bazaar   | Bought a potion of curing for 84 gold pieces
 48651 | Bazaar   | Bought a potion of haste for 280 gold pieces
 48651 | Bazaar   | Bought a potion of curing for 84 gold pieces
 48679 | Depths:1 | Reached skill level 17 in Maces & Flails
 48939 | Depths:1 | Paralysed by a great orb of eyes for 7 turns
 49625 | Depths:1 | Reached skill level 15 in Invocations
 49995 | Depths:1 | Paralysed by a sphinx for 3 turns
 52143 | Depths:1 | Upgraded the game from 0.28-a0-519-gbfeecf2fc5 to
                  | 0.28-a0-529-g3bad584f25
 52203 | Depths:2 | Reached XP level 21. HP: 144/167 MP: 28/32
 52357 | Depths:2 | Found a one-way gate leading to the halls of Pandemonium.
 52387 | Depths:2 | Reached skill level 15 in Fighting
 53370 | Depths:2 | Found a one-way gate to the infinite horrors of the Abyss.
 53391 | Depths:2 | Got the Handbook of Enthralling Clay
 53413 | Depths:2 | Identified the ring "Ustrept" {rPois Slay+2}
 53516 | Depths:2 | Identified the +2 helmet "Goang" {rF+ rCorr MP-9 Dex+4}
 54008 | Depths:2 | Found Xuaru's Distillery.
 54492 | D:6      | Bought the amulet "Netugul" {rElec rF+ Regen+ Dex+4} for
                  | 772 gold pieces
 54741 | Depths:3 | Reached skill level 15 in Armour
 54884 | Depths:3 | Noticed Frederick
 54928 | Depths:3 | Found a hide-covered altar of Uskayaw.
 55014 | Depths:3 | Noticed Caupobu's ghost (adept DDFi)
 55016 | Depths:3 | Found a runed translucent gate.
 55017 | Depths:3 | Found a runed translucent gate.
 55017 | Depths:3 | Found a runed translucent gate.
 55655 | Depths:3 | Killed Frederick
 55756 | Depths:3 | Found Aqanauk's Weapon Shoppe.
 56588 | Depths:2 | Identified a +2 sacred scourge of holy wrath (a +0 demon
                  | whip of venom blessed by the Shining One)
 56588 | Depths:2 | Received a gift from the Shining One
 56718 | Depths:3 | Identified the +3 buckler of Opaplum {rF- rC+ Int+6}
 56846 | Depths:3 | Identified the +2 scale mail of Hedonism {rC- rCorr Dex+3}
 56936 | Vaults:1 | Entered Level 1 of the Vaults
 57712 | Vaults:1 | Reached skill level 18 in Maces & Flails
 57952 | Vaults:1 | Reached XP level 22. HP: 177/177 MP: 25/34
 58052 | Vaults:1 | Identified the +4 kite shield of Geusitek {MP+9}
 58052 | Vaults:1 | Noticed Donald
 58066 | Vaults:1 | Killed Donald
 58345 | Vaults:1 | Found Guhecoum's Jewellery Shoppe.
 59253 | Vaults:2 | Found a staircase to the Crypt.
 60079 | Crypt:1  | Entered Level 1 of the Crypt
 60103 | Crypt:1  | Found a basalt altar of Yredelemnul.
 60103 | Crypt:1  | Noticed Boris
 60132 | Crypt:1  | Killed Boris
 60487 | Crypt:1  | Noticed Jory
 60495 | Crypt:1  | Killed Jory
 61016 | Crypt:2  | Reached XP level 23. HP: 162/186 MP: 35/35
 61085 | Crypt:2  | Paralysed by a vampire knight for 4 turns
 61609 | Crypt:3  | Entered Level 3 of the Crypt
 61852 | Crypt:3  | Found an ancient bone altar of Kikubaaqudgha.
 61866 | Crypt:3  | Reached skill level 19 in Maces & Flails
 62019 | Crypt:3  | Identified the amulet "Gyapeod" {Fly rPois rN+ Regen+
                  | Int-3}
 62019 | Crypt:3  | Identified the ring "Hekhlynwu" {Fly rPois rN+ rCorr}
 62019 | Crypt:3  | Identified the ring of Knowledge {+Blink rF+ rC- rN+}
 62095 | Crypt:3  | Noticed a profane servitor
 62109 | Crypt:3  | Killed a profane servitor
 62298 | Crypt:3  | Noticed Khufu
 62310 | Crypt:3  | Killed Khufu
 62312 | Crypt:3  | Found a staircase to the Tomb.
 62943 | Vaults:3 | Reached XP level 24. HP: 182/195 MP: 36/36
 62948 | Vaults:3 | Noticed Boris
 62965 | Vaults:3 | Killed Boris
 64371 | Vaults:5 | Entered Level 5 of the Vaults
 64371 | Vaults:5 | Noticed Mennas
 64431 | Vaults:5 | Noticed an ancient lich
 64456 | Vaults:5 | Slain by an ettin

Illustrated notes

Levels and vault maps discovered:
D:1:      psy_arrival_whirlpool, layout_loops_corners, patterned_corridor
D:2:      layout_basic, shapermc_ecumenical_altar_hornbeckon, basic_altar
D:3:      layout_basic, grunt_temple_overflow_holy_war
D:4:      layout_loops_ring, serial_shops, nicolae_stop_n_shop_2, st_stairs_5,
          minmay_unequal, uniq_edmund, uniq_robin
D:5:      layout_basic, evilmike_ruin_ashenzari, jmf_multi_god_temple,
          serial_glass, glass_columns_b, glass_columns_c, glass_columns_a,
          glass_columns_b, roderic_batcave, minmay_misc_feat_rugged,
          minmay_pentangle, uniq_eustachio
D:6:      wander_river, layout_basic, kennysheep_okawaru_gauntlet,
          mainiacjoe_overflow_two_lobes, serial_shops, nicolae_shop_statue_plus,
          shop, shop, nicolae_take_the_stairs, grunt_ministairs_12,
          hangedman_abyss_or_decor_slice, uniq_blork_the_orc,
          uniq_prince_ribbit1
D:7:      layout_rooms, nicolae_overflow_crystal_walls,
          minmay_temple_entry_butterflies
D:8:      layout_basic, nicolae_uskayaw_en_pointe, worms_lemuel
D:9:      layout_roguey, erik_lair_orcish_takeover, uniq_maurice
D:10:     layout_irregular_city, nicolae_ru_awakened_eye,
          mainiacjoe_overflow_large_starburst, minmay_misc_feat_nine_boxes
D:11:     layout_cave_pools, erik_orc_2, minmay_misc_feat_room,
          kennysheep_generic_room_3, uniq_sonja, uniq_josephine
D:12:     layout_roguey
D:13:     layout_long_grid
D:14:     layout_long_grid, david_vaults_5, serial_shops,
          nicolae_shop_waterfront, chequers_serial_rivers_micro_a, slow_altar_1,
          uniq_snorg
D:15:     grunt_enter_depths_magical_seal, layout_layer_cave,
          nicolae_two_hexagons
Lair:1:   layout_misc_corridors, columned_hall_lemuel, grunt_megastairs_5,
          infiniplex_staircase_pool
Lair:2:   layout_hall_layers, nicolae_volcano_entry_vermiform,
          lemuel_fruit_fields
Lair:3:   cheibrodos_magma_flow, layout_misc_corridors,
          nicolae_spider_entry_orb_guardian, grunt_megastairs_1
Lair:4:   layout_regular_city, minmay_swamp_entry_swarm, grunt_megastairs_4
Lair:5:   layout_small_grid, dpeg_slime_entry_corner, st_stairs_4,
          kennysheep_abandoned_house
Lair:6:   due_jungle_book, layout_misc_corridors,
          portal_ice_cave_entry_ice_simulacra, dpeg_oklob_1
Swamp:1:  layout_basic_swamp, infiniplex_staircase_pool_2
Swamp:2:  layout_basic_swamp, nicolae_swamp_fairy_circle
Swamp:3:  layout_basic_swamp, nicolae_swamp_godswood
Swamp:4:  swamp_alternative, layout_basic_swamp
Spider:1: layout_chambers, drop_trap, nicolae_spider_claw_tunnel
Spider:2: layout_spider_delve, nicolae_spider_nooks_and_crannies, uniq_arachne,
          uniq_jorgrun
Spider:3: layout_spider_delve
Spider:4: grunt_spider_rune_circles
Orc:1:    layout_caves
Orc:2:    pubby_orc_utopia, serial_shops
Vaults:1: v_misc_22, v_misc_12, v_rooms_4, hangedman_vaults_hat, v_misc_14,
          vaults_room_semicircle, ontoclasm_vaults_decontamination, v_misc_31,
          layout_vaults_quadrants, serial_shops, shop, uniq_donald
Vaults:2: v_misc_33, nicolae_vaults_little_squares_6,
          nicolae_vaults_circle_grid_b, vaults_room_fancy_cross, serial_ice_g,
          vaults_room_pool, minmay_crypt_entry_simple_walls, v_alt_pattern_6,
          v_pattern_1, ontoclasm_vaults_shuriken, vaults_room_door_ring,
          layout_vaults_maze_snakey
Vaults:3: ontoclasm_vaults_idyll, v_rooms_6, nicolae_vaults_three_branches,
          vaults_dpeg_diagonal, vaults_room_hallway, vaults_dpeg_hooks,
          nicolae_vaults_rhombus_6, vaults_room_grunt_arrival_ludios,
          nicolae_vaults_statue_guard, layout_vaults_big_room
Vaults:4: ontoclasm_vaults_fault, st_greater_box_3,
          nicolae_vaults_network_barrier,
          vaults_standard_mumra_enter_the_diamond, v_misc_26, v_rooms_6,
          hangedman_vaults_stitches, v_misc_3, grunt_vaults_diagonal,
          ontoclasm_vaults_hangar, nicolae_vaults_asterisk,
          ontoclasm_vaults_hangar, grunt_vaults_hallway_short,
          vaults_room_door_ring, nicolae_vaults_little_ls, layout_vaults_omnibox
Vaults:5: uniq_mennas
Crypt:1:  layout_misc_corridors, basic_altar, uniq_jory, uniq_boris
Crypt:2:  layout_chaotic_city
Crypt:3:  grunt_crypt_end_deaths_head
Depths:1: layout_gridlike, serial_shops, bzr_in_the_mist,
          serial_sigils_hangedman_writhe, pf_coc_iceberg, due_unseen_surprise,
          serial_bayou_shore_b, grunt_megastairs_2
Depths:2: cheibrodos_birdhouse, layout_cave_pools, hangedman_geh_valley,
          serial_shops, nicolae_diamond_shop, hangedman_abyss_entry_splay,
          grunt_pan_entry_sceptre, hangedman_abyss_or_decor_stagger
Depths:3: regret_index_uskayaw_diablada_macabre, layout_basic,
          amcnicky_mini_pool_small, gammafunk_ghost_split, serial_shops,
          shop_fountains, abyss_entry_crystal, hell_entry, serial_bayou_shore_a,
          uniq_frederick

Skill      XL: |  1  2  3  4  5  6  7  8  9 10 11 12 13 14 15 16 17 18 19 20 21 22 23 |
---------------+----------------------------------------------------------------------+-----
Armour         | 2 3 4 5 6 7 8 9 10 11 12 13 14 15 16 17 | 17.5
Polearms       | 3 4 5 6 8 9 |  9.0
Fighting       | 3 4 5 6 7 8 9 10 11 12 13 14 15 16 17 | 17.7
Shields        | 2 4 5 7 8 9 10 11 12 13 15 16 17 18 | 18.4
Invocations    | 1 3 5 6 8 9 10 11 12 13 14 15 16 17 18 | 18.4
Maces & Flails | 3 6 8 10 12 13 14 15 16 17 18 19 | 19.6
Throwing       | |  1.0
Dodging        | |  2.0
Spellcasting   | |  2.2
Translocations | |  3.1

Action                   |  1- 3 |  4- 6 |  7- 9 | 10-12 | 13-15 | 16-18 | 19-21 | 22-24 || total
-------------------------+-------+-------+-------+-------+-------+-------+-------+-------++-------
Melee: Spear             |    66 |       |       |       |       |       |       |       ||    66
       Quarterstaff      |    53 |   185 |    32 |       |       |       |       |       ||   270
       Dagger            |     1 |       |       |       |       |       |       |       ||     1
       Trident           |       |       |   390 |   503 |       |       |     5 |       ||   898
       Morningstar       |       |       |       |    13 |  1115 |  1126 |  1044 |  1038 ||  4336
       Eveningstar       |       |       |       |       |       |       |    16 |    45 ||    61
       Sacred scourge    |       |       |       |       |       |       |       |    12 ||    12
Throw: Boomerang         |       |       |     1 |       |    31 |       |       |       ||    32
Invok: Renounce Religion |       |     1 |       |       |       |       |       |       ||     1
       Cleansing Flame   |       |       |       |       |     1 |     5 |     4 |    11 ||    21
       Divine Shield     |       |       |       |       |     1 |       |       |       ||     1
       Summon Divine War |       |       |       |       |       |    14 |     3 |     6 ||    23
       Brand Weapon With |       |       |       |       |       |       |     1 |       ||     1
Evoke: Lightning rod     |       |       |       |     1 |       |       |       |       ||     1
       Wand              |       |       |       |       |    11 |     1 |       |       ||    12
  Use: Scroll            |       |     4 |     3 |    16 |     2 |     4 |     8 |     6 ||    43
       Potion            |       |       |     1 |     2 |     1 |     6 |     2 |     3 ||    15
Armor: Leather armour    |    25 |       |       |       |       |       |       |       ||    25
       Chain mail        |     5 |   116 |    37 |       |       |       |       |       ||   158
       Plate armour      |       |       |   261 |   213 |   301 |       |       |       ||   775
       Crystal plate arm |       |       |       |       |   373 |   907 |   576 |   430 ||  2286
Dodge: Dodged            |    67 |    55 |   208 |   168 |   340 |   302 |   227 |   162 ||  1529
Block: Buckler           |       |       |    86 |   103 |   279 |     2 |       |       ||   470
       Kite shield       |       |       |       |       |       |   790 |   688 |   729 ||  2207

Table legend: (Time is in decaauts)
 A = Elapsed time spent in this place.
 B = Non-inter-level travel time spent in this place.
 C = Inter-level travel time spent in this place.
 D = Time resting spent in this place.
 E = Time spent auto-exploring this place.
 F = Levels seen in this place.
 G = Mean time per level.
                   A        B        C        D        E       F      G
               +--------+--------+--------+--------+--------+-----+--------+
         Total |  63720 |  60131 |   3589 |  16362 |  28898 |  44 | 1448.2 |
       Dungeon |  21800 |  20203 |   1597 |   5312 |  10548 |  15 | 1453.3 |
          Lair |  10564 |   9768 |    796 |   2445 |   5448 |   6 | 1760.7 |
         Swamp |   4742 |   4618 |    124 |   1721 |   1735 |   4 | 1185.5 |
   Spider Nest |   6883 |   6591 |    292 |   1656 |   3167 |   4 | 1720.8 |
  Orcish Mines |   4066 |   4018 |     48 |    925 |   1909 |   2 | 2033.0 |
        Vaults |   4650 |   4485 |    165 |    552 |   2405 |   5 |  930.0 |
         Crypt |   2501 |   2377 |    124 |     81 |   1186 |   3 |  833.7 |
        Depths |   7542 |   7102 |    440 |   3283 |   2142 |   3 | 2514.0 |
        Bazaar |    425 |    425 |      0 |      0 |    357 |   1 |  425.0 |
      Ice Cave |    542 |    542 |      0 |    387 |      0 |   1 |  542.0 |
               +--------+--------+--------+--------+--------+-----+--------+

Top non-repeatable levels by time:
Depths:1: 3663 daAuts
   Orc:2: 3130 daAuts
  Lair:3: 2615 daAuts
Depths:2: 2516 daAuts
     D:5: 2428 daAuts
Spider:1: 2362 daAuts
  Lair:2: 2254 daAuts
Spider:2: 2099 daAuts
     D:4: 2075 daAuts
     D:2: 2045 daAuts
    D:15: 1862 daAuts
  Lair:4: 1861 daAuts
Vaults:1: 1852 daAuts
 Swamp:3: 1837 daAuts
     D:3: 1785 daAuts
